 Dungeon Crawl Stone Soup version 0.31-a0-219-g8d62b2e7bb (webtiles) character file.

Game seed: 2838232472541003200

51 Zonian the Vexing (level 3, -1/20 HPs)
             Began as a Deep Elf Hexslinger on July 4, 2023.
             Was an Initiate of Vehumet.
             Slain by Natasha (4 damage)
             ... on level 2 of the Dungeon.
             The game lasted 00:05:04 (1501 turns).

Zonian the Vexing (Deep Elf Hexslinger)             Turns: 1501, Time: 00:05:05

Health: -1/20      AC:  4    Str:  5    XL:     3   Next: 58%
Magic:  7/8        EV: 13    Int: 19    God:    Vehumet [......]
Gold:   37         SH:  0    Dex: 17    Spells: 6/7 levels left

rFire   . . .        a - +1 sling
rCold   . . .        (no shield)
rNeg    . . .        c - +0 robe
rPois   .            h - +1 helmet
rElec   .            (no cloak)
rCorr   .            (no gloves)
SInv    .            (no boots)
Will    .....        (no amulet)
Stlth   ++           (no ring)
HPRegen 0.23/turn    (no ring)
MPRegen 0.11/turn

%: no passive effects
@: slowed, very slow
A: no striking features
a: Renounce Religion


You were on level 2 of the Dungeon.
You worshipped Vehumet.
Vehumet was noncommittal.
You visited 1 branch of the dungeon, and saw 2 of its levels.

You collected 37 gold pieces.

Inventory:

Hand Weapons
 a - a +1 sling (weapon)
Missiles
 g - 6 boomerangs
Armour
 c - a +0 robe (worn)
 h - a +1 helmet (worn)
Magical Staves
 d - a staff of conjuration
Scrolls
 b - 4 scrolls of poison
 e - a scroll of revelation {unknown}
 i - 3 scrolls of identify {unknown}
 j - a scroll of teleportation {unknown}
 m - a scroll of fear {unknown}
 n - a scroll of enchant armour {unknown}
Potions
 f - a potion of mutation {unknown}
 k - a potion of lignification {unknown}
 l - a potion of cancellation {unknown}


   Skills:
 + Level 1.3 Fighting
 + Level 3.3 Ranged Weapons
 + Level 3.1 Dodging
 + Level 2.5 Spellcasting
 + Level 4.4 Hexes


You had 6 spell levels left.
You knew the following spells:

 Your Spells              Type           Power      Damage    Failure   Level
a - Slow                  Hex            76%        N/A       2%          1

Your spell library contained the following spells:

 Spells                   Type           Power      Damage    Failure   Level
 Inner Flame              Hex/Fire       10%        N/A       19%         3
 Portal Projectile        Hex/Tloc       20%        N/A       19%         3
 Cause Fear               Hex            9%         N/A       26%         4


Dungeon Overview and Level Annotations

Branches:
Dungeon (2/15)

Altars:
Vehumet

Annotations:
D:2 Natasha


Message History

The magic dart hits you.
Okay, then.
You are too injured to fight recklessly!
You are too injured to fight recklessly!
Unknown command.
Casting: Slow (safe; 2% risk of failure)
Confirm with . or Enter, or press ? or * to list all spells.
Aiming: Slow (safe; 2% risk of failure)
Press: ? - help, Shift-Dir - straight line, f/p - Natasha
Aim: Natasha (heavily wounded, spells empowered, chance to affect: 51%)
Okay, then.
You aren't carrying any items that you can evoke.
Unknown command.
Unknown command.
Casting: Slow (safe; 2% risk of failure)
Confirm with . or Enter, or press ? or * to list all spells.
Aiming: Slow (safe; 2% risk of failure)
Press: ? - help, Shift-Dir - straight line, f/p - Natasha
Aim: Natasha (heavily wounded, spells empowered, chance to affect: 51%) Natasha seems to slow down.
The cerulean imp hits you from afar with a +0 spear.
* * * LOW HITPOINT WARNING * * *
The cerulean imp barely misses you. Natasha misses you.
Fire: a) +1 sling
Press: ? - help, Q - select action, (/) - cycle Shift-Dir - straight line, f/p - Natasha
Aim: Natasha (heavily wounded, spells empowered, slow, 51% to hit)
You shoot a sling bullet. The sling bullet hits Natasha.
Natasha is severely wounded.
The cerulean imp barely misses you. Natasha claws you.
* * * LOW HITPOINT WARNING * * *
The cerulean imp misses you.
Fire: a) +1 sling
Press: ? - help, Q - select action, (/) - cycle Shift-Dir - straight line, f/p - Natasha
Aim: Natasha (severely wounded, spells empowered, slow, 51% to hit)
You shoot a sling bullet. The sling bullet hits Natasha.
Natasha is almost dead.
The cerulean imp hits you from afar with a +0 spear.
* * * LOW HITPOINT WARNING * * *
Natasha claws you.
You die...

#.)........≈§.§≈.## ####...
#......<..#......#### ###.
#.........#...##....# #.
#.........##.######.##########
#.........##..## #).......#
#.........###..## ########.###
#.........# ##..##########....
#.........#####...............
##.........5h@........########
#.........##########..###
#.........# ##...## #
#.........### ###..## #
#...........# #...# #
#.........#.######## ###.####
##♣♣...............#####......
♣♣P....#....................#
♣PZP♣#.#..........######....#


You could see Natasha (empowered, slow) and a cerulean imp (summoned).

Vanquished Creatures
  An adder (D:2)
  An adder zombie (D:2)
  2 dart slugs
  A bat skeleton (D:2)
  6 endoplasms
  A giant cockroach (D:2)
  4 goblins
  4 hobgoblins
  3 jackals (D:1)
  2 kobolds (D:2)
  3 bats
  A frilled lizard (D:1)
  A quokka zombie (D:2)
  2 rats
32 creatures vanquished.

Notes
Turn   | Place    | Note
-------+----------+-------------------------------------------
     0 | D:1      | Zonian the Deep Elf Hexslinger began the quest for the Orb.
     0 | D:1      | Reached XP level 1. HP: 11/11 MP: 5/5
   439 | D:1      | Reached skill level 1 in Fighting
   455 | D:1      | Reached XP level 2. HP: 15/16 MP: 6/6
  1058 | D:2      | Found a radiant altar of Vehumet.
  1066 | D:2      | Became a worshipper of Vehumet
  1151 | D:2      | Reached XP level 3. HP: 16/20 MP: 8/8
  1291 | D:2      | Found a faded altar of an unknown god.
  1467 | D:2      | Noticed Natasha
  1501 | D:2      | Slain by Natasha

Illustrated notes

Levels and vault maps discovered:
D:1:      psy_arrival_terrarium, layout_basic, serial_park_tiny_2
D:2:      layout_rooms, shapermc_ecumenical_altar_starsandcircs, basic_altar,
          dilly_guarded_unrand_morg

Skill      XL: |  1  2  3 |
---------------+----------+-----
Fighting       | 1 |  1.3
Ranged Weapons | 3 |  3.3
Spellcasting   | 2 |  2.5
Dodging        | 3 |  3.1
Hexes          | |  4.4

Action                     || total
---------------------------++-------
   Fire: Sling             ||   101
   Cast: Slow              ||     9
 Armour: Robe              ||    28
  Dodge: Dodged            ||    54

Table legend: (Time is in decaauts)
 A = Elapsed time spent in this place.
 B = Non-inter-level travel time spent in this place.
 C = Inter-level travel time spent in this place.
 D = Time resting spent in this place.
 E = Time spent auto-exploring this place.
 F = Levels seen in this place.
 G = Mean time per level.
                   A        B        C        D        E       F      G
               +--------+--------+--------+--------+--------+-----+--------+
         Total |   1528 |   1503 |     25 |    627 |    606 |   2 |  764.0 |
       Dungeon |   1528 |   1503 |     25 |    627 |    606 |   2 |  764.0 |
               +--------+--------+--------+--------+--------+-----+--------+

Top non-repeatable levels by time:
     D:1: 1035 daAuts
     D:2: 493 daAuts
